Unix NetHack Version 5.0.0-0 post-release - last build Jun 10 2026 00:39:30 (3ee93aec679c4c4259841fe613dc97188e26a321,branch:main).

Game began 2026-07-10 04:38:12, ended 2026-07-10 09:15:26.

JohnDarcy, neutral male human Tourist

    -----------           #                            #
    |.........|        ---+-----------          -------+-------
    |..........#     ##-.............|          |.....>........#
    |.........|#    ## |.............|          |....{........|#
    |.........-###### #..............|          |..........{..|##
    --.--|-----#    ###|.............|          ----------.---- ###
      #  ##    #    #  -.-------+-----                 ####       # ---------
      #   #    ######   ##      #                    ###          # |......d|
      #   ###     #      #####                     ###            ##|...ddd@|
      #    ###### #          ####                 ##^              #|.....)d|
  ----|-   #---+- #             ######       -----.-+---           #|.......|
  |.{..|   #|...|######              ###     |...{[.`..|           #........|
  |....|   #|...|#    #  --------------|-    |......)..|            |.......|
  |....+####|...+#       |..............|    |.........|            ---------
  |....|    -----        |......%%......|   #..........|
  ------                 |..[...........|   #|.........|
                         |...............####-----------
                         ----------------

JohnDarcy the Excursionist  St:13 Dx:15 Co:15 In:12 Wi:10 Ch:16  Neutral
Dlvl:7  $:663 HP:0(58) Pw:25(25) AC:1  Xp:7 T:6371  Burdened

Latest messages:
 The werewolf bites!
 The werewolf bites!
 What do you want to wield? [- gprI or ?*] <space>
 Never mind.
 What do you want to drink? [ioF or ?*] ?
 You feel much better.
 The werewolf summons help!
 A wolf suddenly appears next to you!
 A wolf suddenly appears next to you!
 A wolf suddenly appears next to you!
 The werewolf bites!
 Are you sure you want to pray? [yn] (n) y
 You begin praying to The Lady.
 You are surrounded by a shimmering light.
 The wolf starts to attack you, but pulls back.
 The wolf starts to attack you, but pulls back.
 The wolf starts to attack you, but pulls back.
 The werewolf starts to attack you, but pulls back.
 The wolf starts to attack you, but pulls back.
 The wolf starts to attack you, but pulls back.
 The wolf starts to attack you, but pulls back.
 The werewolf starts to attack you, but pulls back.
 The wolf starts to attack you, but pulls back.
 The wolf starts to attack you, but pulls back.
 The wolf starts to attack you, but pulls back.
 The werewolf starts to attack you, but pulls back.
 You finish your prayer.
 You feel that The Lady is well-pleased.
 You feel purified.
 What do you want to throw? [$gprI or ?*] a
 You don't have that object.
 What do you want to throw? [$gprI or ?*] <space>
 Never mind.
 What do you want to adjust? [b-eghjl-prtwyB-IKN or ?*] I
 Adjust letter to what [afikqsuvxzAIJLMO-Z] (? see used letters)? a
 Moving: a - 13 blessed darts.
 What do you want to throw? [$agpr or ?*] a
 In what direction? 1
 The dart hits the werewolf.
 The wolf bites!
 The wolf bites!
 The wolf bites!
 What do you want to throw? [$agpr or ?*] a
 In what direction? 4
 The dart hits the wolf!
 The wolf bites!
 The wolf bites!
 The wolf bites!
 You die...
 Do you want your possessions identified? [ynq] (y) q

Inventory:
 Coins    ('$')
  $ - 663 gold pieces
 Amulets  ('"')
  K - an uncursed amulet of ESP (being worn)
  G - an uncursed amulet versus poison
 Weapons  (')')
  a - 11 blessed +3 darts
  r - a +0 dagger
  g - a +0 orcish dagger
  p - a +0 dwarvish mattock
 Armor    ('[')
  w - an uncursed +0 orcish helm (being worn)
  d - an uncursed rusty +1 pair of iron shoes (being worn)
  H - an uncursed rusty +0 Uruk-hai shield (being worn)
  m - an uncursed +0 Hawaiian shirt with a hibiscus flower motif (being worn)
  j - an uncursed +0 splint mail (being worn)
 Comestibles  ('%')
  n - 4 uncursed food rations
 Scrolls  ('?')
  D - 2 uncursed scrolls of earth
  e - an uncursed scroll of identify
  l - a blessed scroll of teleportation
  h - an uncursed scroll of teleportation
 Potions  ('!')
  F - an uncursed potion of healing
  o - an uncursed potion of water
 Rings    ('=')
  B - a cursed -1 ring of adornment
  E - a cursed -1 ring of protection
 Wands    ('/')
  C - a wand of digging (0:8)
  b - a wand of lightning (0:5)
  y - a wand of secret door detection (0:12)
 Tools    ('(')
  N - an uncursed blindfold
  c - an expensive camera (0:33)
  t - an uncursed mirror

JohnDarcy the Tourist's attributes:

Background:
 You were an Excursionist, a level 7 male human Tourist.
 You were neutral, on a mission for The Lady
 who was opposed by Blind Io (lawful) and Offler (chaotic).
 You were right-handed.
 You were in the Dungeons of Doom, on level 7.
 You entered the dungeon 6371 turns ago.
 You had 689 experience points, 591 more were needed to attain level 8.

Basics:
 You had 0 out of 58 hit points.
 You had all 25 energy points (spell power).
 Your armor class was 1.
 Your wallet contained 663 zorkmids.
 Autopickup was off.

Final Characteristics:
 Your strength was 13 (limit:18/100).
 Your dexterity was 15 (limit:18).
 Your constitution was 15 (limit:18).
 Your intelligence was 12 (limit:18).
 Your wisdom was 10 (limit:18).
 Your charisma was 16 (limit:18).

Final Status:
 You weren't hungry.
 You were burdened; movement was slightly slowed.
 You were bare handed.
 You were unskilled in bare handed combat.

Final Attributes:
 You were piously aligned.
 You were fire resistant.
 You were telepathic.
 You were warded.
 You are dead.

Miscellaneous:
 You didn't encounter any bones levels.
 Total elapsed playing time was 1 hour, 59 minutes and 32 seconds.

Major events:
 Turn
    1: JohnDarcy the neutral male human Tourist entered the dungeon
 1127: entered the Gnomish Mines
 2038: attained the rank of Sightseer (level 3)
 3099: entered the Bigroom
 3553: entered Sokoban
 3889: completed 1st Sokoban level
 4506: attained the rank of Excursionist (level 6)
 4697: completed 2nd Sokoban level
 6371: killed by a wolf

You didn't know any spells.

Skills:
 Fighting Skills
   bare handed combat [Unskilled]
   two weapon combat  [Unskilled]
   riding             [Unskilled]
 Weapon Skills
   dagger             [Unskilled]
   knife              [Unskilled]
   axe                [Unskilled]
   pick-axe           [Unskilled]
   short sword        [Unskilled]
   broadsword         [Unskilled]
   long sword         [Unskilled]
   two-handed sword   [Unskilled]
   saber              [Unskilled]
   mace               [Unskilled]
   morning star       [Unskilled]
   flail              [Unskilled]
   hammer             [Unskilled]
   quarterstaff       [Unskilled]
   polearms           [Unskilled]
   spear              [Unskilled]
   trident            [Unskilled]
   lance              [Unskilled]
   bow                [Unskilled]
   sling              [Unskilled]
   crossbow           [Unskilled]
   dart               [Basic]
   shuriken           [Unskilled]
   boomerang          [Unskilled]
   whip               [Unskilled]
   unicorn horn       [Unskilled]
 Spellcasting Skills
   divination spells  [Unskilled]
   enchantment spells [Unskilled]
   escape spells      [Unskilled]

Voluntary challenges:
 Character rerolling was not enabled.
 You never hit with a wielded weapon.
 You never genocided any monsters.
 You never polymorphed an object.
 You never changed form.
 You used no wishes.
 You violated the special Sokoban rules once.
Achievements:
 You entered a shop.
 You entered the Gnomish Mines.
 You attained the rank of Sightseer.
 You entered the Big Room.
 You entered Sokoban.
 You attained the rank of Excursionist.

 The Dungeons of Doom: levels 1 to 10
    Level 1:
       A fountain.
    Level 2:
       A food shop, a fountain.
    Level 3:
       A general store, a fountain, a grave, a tree.
       Stairs down to The Gnomish Mines.
    Level 4:
       A fountain.
    Level 5:
       Some fountains.
    Level 6:
    Level 7: <- You were here.
       Many fountains, a sink.
       Stairs up to Sokoban, level 6.
       Final resting place for
          you, killed by a wolf.
    Level 8:
       An altar.
    Level 9:
    Level 10:
       A very big room.
 The Gnomish Mines:
    Level 4:
 Sokoban: levels 6 up to 5
    Level 5:
       Solved.
    Level 6:
       Solved.


Vanquished creatures:
  a dwarf mummy
  a yeti
  a gnome mummy
 an ape
  a fire ant
  2 mountain nymphs
  4 Uruk-hai
  2 orc shamans
  a yellow light
  a gnome leader
  a kobold mummy
  a golden naga hatchling
  a giant ant
  2 floating eyes
  2 dwarves
  a hill orc
  5 rothes
  a dwarf zombie
  a wererat
  a werejackal
 an iguana
 an acid blob
  a hobbit
  3 large kobolds
  2 giant rats
  a yellow mold
  2 gnomes
  3 garter snakes
  2 gnome zombies
  3 geckos
 15 jackals
  2 kobolds
  2 goblins
  4 sewer rats
  5 grid bugs
  3 bats
  5 lichens
  2 kobold zombies
  9 newts
97 creatures vanquished.

No species were genocided or became extinct.

Game over:
                       ----------
                      /          \
                     /    REST    \
                    /      IN      \
                   /     PEACE      \
                  /                  \
                  |    JohnDarcy     |
                  |      663 Au      |
                  | killed by a wolf |
                  |                  |
                  |                  |
                  |                  |
                  |       2026       |
                 *|     *  *  *      | *
        _________)/\\_//(\/(/\)/\//\/|_)_______

Aloha JohnDarcy the Tourist...

You died in The Dungeons of Doom on dungeon level 7 with 3518 points,
and 663 pieces of gold, after 6371 moves.
You were level 7 with a maximum of 58 hit points when you died.

